AoeStats
← Trexology

Arabia

510285009Analyzed
1v1 RM · 1d ago on Sep 30, 2026· 52m 50s· 2 players
Game mode
Random Map
Map size
Tiny (2 player)
Population
200
Speed
Normal
Resources
Standard
Victory
Conquest
Starting age
Dark Age
Ending age
Imperial Age
RankedLock teamsTeams togetherTeam positionsShared explorationLock speedFull tech treeHidden civsTurbo modeCheats
Victory
Defeat
🇩🇪 Byzantines · Germany
1075
+17
🇨🇱 Mapuche · Chile
1105
-17
Trexology
7:21 Loom
10:06 Feudal Age
10:09 Man-at-Arms
10:38 Double-Bit Axe
10:55 Horse Collar
11:34 Arson
20:45 Castle Age
20:07 Wheelbarrow
19:24 Gold Mining
21:43 Bow Saw
21:35 Heavy Plow
22:47 Gold Shaft Mining
23:26 Stone Mining
27:24 Forging
27:39 Scale Barding Armor
33:35 Imperial Age
31:20 Hand Cart
31:54 Chain Barding Armor
32:10 Iron Casting
32:22 Elite Skirmisher
33:26 Fletching
33:36 Padded Archer Armor
36:53 Ballistics
37:42 Chemistry
36:22 Treadmill Crane
36:43 Bodkin Arrow
37:24 Plate Barding Armor
38:07 Leather Archer Armor
37:53 Bracer
37:55 Pikeman
38:35 Squires
38:41 Scale Mail Armor
39:08 Halberdier
47:03 Chain Mail Armor
47:19 Ring Archer Armor
48:42 Plate Barding Armor
49:59 Conscription
49:03 Elite Cataphract
50:00 Logistica
52:28 Plate Mail Armor
52:43 Fortified Wall
Maltés
3:02 Loom
10:16 Feudal Age
14:42 Fletching
14:54 Town Watch
19:03 Castle Age
18:18 Double-Bit Axe
18:16 Horse Collar
20:12 Bow Saw
22:23 Stone Mining
22:28 Gold Mining
22:55 Town Watch
24:53 Wheelbarrow
26:22 Bodkin Arrow
28:49 Padded Archer Armor
32:04 Malon
34:46 Imperial Age
34:06 Leather Archer Armor
35:20 Ballistics
36:42 Chemistry
35:17 Elite Bolas Rider
37:37 Ring Archer Armor
40:25 Champi Runner
41:38 Forging
41:21 Champi Warrior
43:47 Scale Mail Armor
45:14 Chain Mail Armor
46:28 Plate Mail Armor
47:21 Elite Champi Warrior
48:24 Elite Champi Warrior
Connection lost

Rejoining the realm…

Still unreachable

The connection could not be restored.

Session expired

The server has moved on; the page needs a fresh start.